Map: Ephemeron LE

Players

Layate - Winner!

  • Race: Terran Terran
  • League: Gold
  • Spawn Location: 11:00

xSaintApocx

  • Race: Terran Terran
  • Spawn Location: 5:00

VOD

Have the link to the VOD?

Description

Time

  • Played on: Nov. 26, 2019, 10:36 p.m.
  • Length: 15:27
Show
View Real Time Build Order
Export as new Build Order

Layate Terran - Winner!

Build Orders: Liberator Opening 

Get SALT Encoding   

  12  0:01  SCV  
  13  0:13  SCV  
  14  0:20  Refinery  
  14  0:25  SCV  
  15  0:29  Supply Depot  
  15  0:42  Refinery  
  15  0:54  SCV, Barracks  
  16  1:06  Supply Depot  
  16  1:13  SCV  
  17  1:34  SCV  
  18  1:41  Reaper  
  19  1:47  Factory  
  19  1:48  SCV  
  20  2:02  SCV  
  21  2:16  SCV  
  21  2:17  Reaper  
  23  2:28  SCV  
  24  2:40  SCV  
  25  2:52  SCV  
  25  2:54  Factory Tech Lab  
  25  2:57  Starport  
  25  3:10  Command Center  
  25  3:18  Siege Tank  
  27  3:23  Marine  
  28  3:35  Fusion Core, Starport Tech Lab  
  28  3:41  Marine  
  29  3:58  Marine, Liberator  
  21  4:14  Siege Tank  
  21  4:16  Marine  
  27  4:28  Engineering Bay  
  26  4:45  SCV  
  26  5:19  Missile Turret  
  26  5:43  Marine  
  27  5:53  SCV  
  27  5:54  SCV  
  29  6:01  Marine  
  30  6:05  SCV  
  30  6:06  SCV  
  32  6:18  SCV  
  33  6:19  Marine  
  31  6:28  SCV  
  33  6:36  Marine  
  33  6:42  Battlecruiser  
  39  6:51  SCV  
  39  6:53  SCV  
  41  6:54  Marine  
  42  7:03  Missile Turret  
  42  7:08  Refinery  
  42  7:10  SCV  
  43  7:16  SCV  
  44  7:24  Missile Turret  
  44  7:31  Orbital Command  
  44  7:40  Refinery  
  44  8:02  SCV  
  46  8:26  Planetary Fortress  
  45  8:27  SCV  
  46  8:34  Supply Depot  
  46  8:49  Supply Depot  
  46  8:51  Supply Depot  
  46  9:08  SCV  
  41  9:11  Battlecruiser  
  41  9:12  SCV  
  48  9:20  Command Center  
  48  9:21  SCV  
  50  9:24  SCV  
  50  9:33  SCV  
  50  9:36  SCV  
  50  9:40  Siege Tank  
  50  9:45  SCV  
  54  9:48  SCV  
  55  9:58  Starport  
  55  9:59  SCV  
  56  10:00  SCV  
  56  10:02  Missile Turret  
  57  10:11  Hi-Sec Auto Tracking, SCV  
  57  10:12  SCV  
  59  10:23  SCV  
  59  10:24  SCV  
  59  10:25  Missile Turret  
  61  10:35  Starport Tech Lab, SCV  
  61  10:36  SCV  
  61  10:40  Starport  
  63  10:49  SCV  
  64  10:59  SCV  
  64  11:01  Refinery, SCV  
  66  11:05  Battlecruiser  
  72  11:13  SCV  
  72  11:18  Battlecruiser  
  79  11:19  Starport Tech Lab  
  79  11:26  Planetary Fortress  
  79  11:35  Siege Tank  
  79  11:39  Missile Turret, Refinery  
  82  12:02  SCV  
  83  12:10  Weapon Refit  
  83  12:15  Armory  
  80  12:16  Armory  
  80  12:21  SCV  
  81  12:24  Siege Tank  
  84  12:30  SCV  
  85  12:38  Supply Depot  
  85  12:44  Supply Depot  
  85  12:45  Supply Depot  
  85  12:48  Supply Depot  
  85  13:00  Siege Tank, SCV x2  
  85  13:02  Missile Turret  
  90  13:06  Command Center  
  90  13:12  SCV x2  
  92  13:22  SCV  
  92  13:24  SCV x2  
  92  13:26  Supply Depot, Terran Vehicle Weapons Level 1  
  95  13:27  Terran Vehicle And Ship Armor Level 1  
  95  13:32  Armory, Siege Tank  
  104  13:34  Battlecruiser  
  104  13:36  SCV  
  104  13:37  Missile Turret  
  105  13:51  Battlecruiser  
  111  13:57  Missile Turret  
  111  14:04  Siege Tank  
  111  14:09  SCV  
  115  14:11  Battlecruiser  
  121  14:20  Starport, Refinery  
  121  14:23  Planetary Fortress  
Show
View Real Time Build Order
Export as new Build Order

xSaintApocx Terran 

Build Orders:  

Get SALT Encoding   

  12  0:01  SCV  
  13  0:13  SCV  
  14  0:25  SCV  
  15  0:34  Supply Depot  
  15  0:44  Supply Depot  
  15  0:54  Refinery  
  15  0:55  SCV  
  15  0:56  Refinery  
  16  1:08  SCV  
  16  1:10  Barracks  
  17  1:20  SCV  
  18  1:27  Barracks  
  18  1:37  Barracks  
  18  1:38  SCV  
  19  1:50  SCV  
  20  2:02  SCV  
  21  2:14  SCV  
  22  2:16  Reaper x2  
  24  2:24  Reaper  
  25  2:44  Engineering Bay  
  25  2:46  Engineering Bay  
  25  2:48  Reaper x2  
  26  2:56  Reaper  
  27  3:02  SCV  
  28  3:15  SCV  
  29  3:20  Reaper  
  29  3:21  Reaper  
  31  3:34  Supply Depot  
  31  3:36  Supply Depot  
  31  3:56  Reaper, SCV  
  33  4:08  SCV  
  33  4:20  SCV  
  30  4:52  Barracks  
  30  4:53  Barracks  
  30  4:56  Terran Infantry Weapons Level 1, Barracks  
  30  4:57  Terran Infantry Armor Level 1  
  27  5:08  Barracks Tech Lab  
  27  5:11  Barracks Tech Lab  
  27  5:15  Barracks Tech Lab  
  27  5:27  Supply Depot  
  27  5:29  Supply Depot x2  
  27  5:31  SCV  
  27  5:32  Command Center  
  27  5:42  Marine x2  
  24  5:43  SCV, Marine x3  
  28  5:55  SCV  
  28  6:00  Marine x4  
  28  6:01  Marine  
  32  6:18  Marine x2  
  30  6:29  SCV  
  31  6:41  SCV  
  31  6:42  Barracks Tech Lab  
  32  6:52  Barracks Tech Lab  
  32  6:53  SCV  
  33  6:59  Barracks Tech Lab  
  33  7:03  Factory  
  33  7:05  SCV  
  34  7:11  Marine x2  
  34  7:12  Marine x2  
  38  7:26  Marine  
  38  7:29  Marine x3  
  41  7:30  Marine  
  43  7:43  Marine  
  44  7:49  Factory Tech Lab  
  44  7:52  Starport  
  37  8:27  Marine x2  
  37  8:28  Marine x4  
  43  8:45  Marine x3  
  43  8:46  Marine x3  
  49  8:56  Refinery  
  49  8:58  Missile Turret  
  49  8:59  Refinery  
  49  9:03  Marine x4  
  49  9:04  Marine  
  53  9:26  Planetary Fortress  
  53  9:29  Planetary Fortress  
  53  9:38  Armory  
  53  10:37  Terran Vehicle And Ship Armor Level 1, Fusion Core  
  53  10:38  Terran Infantry Armor Level 2  
  53  10:39  Terran Infantry Weapons Level 2  
  53  10:48  Marine x2  
  53  10:49  Marine x3  
  58  10:50  Marine  
  59  11:05  Medivac  
  59  11:06  Marine x3  
  59  11:07  Marine x2  
  59  11:08  Marine  
  67  11:24  Marine  
  67  11:25  Marine, Marauder  
  71  11:37  Supply Depot  
  71  11:40  Supply Depot x2  
  71  11:42  Supply Depot  
  71  11:43  Marine  
  71  11:44  Supply Depot x2  
  72  12:01  Marine  
  72  12:02  Stimpack  
  72  12:04  Combat Shield  
  72  12:05  Concussive Shells  
  58  12:31  Starport  
  58  12:47  Starport, Weapon Refit  
  58  12:51  Starport  
  58  13:01  Terran Ship Weapons Level 1  
  58  13:20  SCV  
  59  13:32  SCV  
  60  13:47  Command Center  
  60  14:15  SCV  
  61  14:17  Refinery  
  60  14:27  SCV  
  61  14:39  SCV  
  62  14:51  SCV  
  55  15:00  Refinery  
  55  15:03  SCV  
Tags
 
League
Gold
Matchup
TvT
Race
Terran
Spawn Locations
Cross Positions
Add a new tag
Caveats
  • Supply blocks, unpowered buildings, or Contaminate may cause inaccurate times.
  • Supply counts are checked every 10 seconds.